[Event "Team 45 45 League T52"]
[Site "Internet Chess Club"]
[Date "2012.03.17"]
[Round "5"]
[White "kidviper"]
[Black "katikus"]
[Result "1-0"]
[WhiteElo "1980"]
[BlackElo "1802"]
[Opening "QGD Slav defense"]
[ECO "D10"]
[Time "10:00:52"]
[TimeControl "2700+45"]

1. d4 d5 2. c4 c6 3. Nc3 Nf6 4. cxd5 cxd5 5. Bg5 e6 6. e3 Be7 7. Bd3 O-O 8. f4
Nc6 9. Nf3 h6 10. Bxf6 Bxf6 11. O-O Nb4 12. Bb1 Bd7 13. a3 Nc6 14. Qd3 g6 15.
Ne5 Nxe5 16. fxe5 Bg7 17. Rf3 Rc8 18. Qe2 a6 19. Bd3 Qe7 20. Raf1 b5 21. Qf2 Bc6
22. g4 Rc7 23. h4 Bb7 24. h5 g5 25. Bb1 Rfc8 26. Qc2 Kf8 27. Qh7 Qd7 28. Bg6
{Black resigns} 1-0

[Event "Team 45 45 League T52"]
[Site "Internet Chess Club"]
[Date "2012.03.18"]
[Round "5"]
[White "musk6868"]
[Black "loudoun"]
[Result "0-1"]
[WhiteElo "1862"]
[BlackElo "1735"]
[Opening "King's Indian: fianchetto, Kavalek (Bronstein) variation"]
[ECO "E62"]
[Time "20:08:05"]
[TimeControl "2700+45"]

1. d4 Nf6 2. c4 g6 3. g3 Bg7 4. Bg2 O-O 5. Nf3 d6 6. Nc3 c6 7. O-O Qa5 8. Qc2 e5
9. e4 Nbd7 10. Rd1 a6 11. a3 Qc7 12. b4 exd4 13. Nxd4 Ne5 14. Na4 Bg4 15. f3 c5
16. bxc5 dxc5 17. fxg4 cxd4 18. Rxd4 Nfxg4 19. Bf4 Nf3+ 20. Bxf3 Bxd4+ 21. Kh1
Qe7 22. Rb1 Ne5 23. Bg2 Qxa3 24. Nb6 Rad8 25. Nd5 Ng4 26. h3 Ne5 27. Rxb7 Rb8
28. Rxb8 Rxb8 29. Nf6+ Kh8 30. g4 Rb3 31. Qd1 Rxh3+ 32. Bh2 Rd3 33. Qf1 Qb3 34.
Qf4 Qb1+ 35. Bf1 Rf3 36. Qh6 Qxf1+ 37. Bg1 Qxg1# {White checkmated} 0-1

[Event "Team 45 45 League T52"]
[Site "Internet Chess Club"]
[Date "2012.03.19"]
[Round "5"]
[White "badmove"]
[Black "moomaster"]
[Result "0-1"]
[WhiteElo "1616"]
[BlackElo "1638"]
[Opening "QGD semi-Slav: Meran variation"]
[ECO "D47"]
[Time "17:27:19"]
[TimeControl "2700+45"]

1. d4 Nf6 2. Nf3 d5 3. c4 c6 4. Nc3 e6 5. e3 Nbd7 6. Bd3 dxc4 7. Bxc4 b5 8. Bd3
Bd6 9. O-O Bb7 10. e4 e5 11. dxe5 Nxe5 12. Nxe5 Bxe5 13. Bg5 Qd6 14. f4 Bd4+ 15.
Kh1 Qd7 16. Rb1 Ng4 17. Qf3 Nf2+ 18. Rxf2 Bxf2 19. Qxf2 Qxd3 20. Rd1 Qc4 21. Rd7
Kxd7 {White resigns} 0-1

[Event "Team 45 45 League T52"]
[Site "Internet Chess Club"]
[Date "2012.03.17"]
[Round "5"]
[White "Tjet"]
[Black "houseofcook"]
[Result "1-0"]
[WhiteElo "1520"]
[BlackElo "1523"]
[Opening "English: Mikenas-Carls variation"]
[ECO "A18"]
[Time "14:03:34"]
[TimeControl "2700+45"]

1. c4 e6 2. Nc3 Nf6 3. e4 d5 4. cxd5 exd5 5. exd5 Nxd5 6. Nf3 Be7 7. d4 O-O 8.
Bc4 Bb4 9. Bxd5 Qxd5 10. O-O Qd8 11. a3 Be7 12. Re1 Be6 13. Bf4 c6 14. h3 Re8
15. Qd2 Nd7 16. d5 cxd5 17. Nxd5 Bxd5 18. Qxd5 b6 19. Rad1 Nf6 20. Qb7 Qc8 21.
Rxe7 Rxe7 22. Qxe7 h6 23. Ne5 Kh7 24. Qxf7 Qc2 25. Rc1 Qf5 26. Rc7 Rg8 27. Qg6+
Qxg6 28. Nxg6 Kxg6 29. Rxa7 Kf5 30. Be3 b5 31. Bd4 Ke4 32. Bxf6 gxf6 33. Rb7 Rg5
34. Rb6 Rf5 35. b3 Kd4 36. Rc6 Kd5 37. Rc8 Re5 38. a4 bxa4 39. bxa4 Re1+ 40. Kh2
Ra1 41. Rh8 Rxa4 42. Rxh6 Rf4 43. f3 Ke5 44. Rh5+ Ke6 45. Ra5 Rd4 46. Kg3 Kf7
47. h4 Kg6 48. Kh3 Rf4 49. Kg3 Rd4 50. Rb5 Rc4 51. Rb8 Kg7 52. Re8 f5 53. Re6
Kf7 54. Ra6 Kg7 55. f4 Rc3+ 56. Kh2 Rc4 57. g3 Rc2+ 58. Kh3 Rc1 59. Re6 Rh1+ 60.
Kg2 Rc1 61. Re2 Kh6 62. Kf3 Rc3+ 63. Re3 Rc2 64. g4 fxg4+ 65. Kxg4 Rg2+ 66. Rg3
Rf2 67. Kf5 Kh5 68. Rg8 Kxh4 69. Ke5 Re2+ 70. Kf6 Ra2 71. f5 Ra6+ 72. Kf7 Ra7+
73. Kg6 Kg4 74. f6 Ra5 75. Kg7 Rg5+ 76. Kf8 Kf5 77. Rxg5+ Kxf6 78. Ra5 Ke6 79.
Kg7 Kd6 80. Kf6 Kc6 81. Ke6 Kb6 82. Rd5 Kc6 83. Ke5 {Black resigns} 1-0

[Event "Team 45 45 League T52"]
[Site "Internet Chess Club"]
[Date "2012.03.17"]
[Round "5"]
[White "MateIn42"]
[Black "dpmdpm"]
[Result "1-0"]
[WhiteElo "1407"]
[BlackElo "1413"]
[Opening "Sicilian: Najdorf, Byrne (English) attack"]
[ECO "B85"]
[Time "13:02:37"]
[TimeControl "2700+45"]

1. e4 c5 2. Nf3 d6 3. d4 cxd4 4. Nxd4 Nf6 5. Nc3 a6 6. Be3 e6 7. Be2 Be7 8. O-O
O-O 9. f4 Nbd7 10. g4 Nc5 11. e5 dxe5 12. fxe5 Nd5 13. Rf3 Nxe3 14. Rxe3 Qc7 15.
Qf1 Bg5 16. Rg3 Qxe5 17. Nf3 Be3+ 18. Kh1 Qf6 19. g5 Qf4 20. Qg2 Ne4 21. Nxe4
Qxe4 22. Bd3 Qb4 23. c3 Qb6 24. Ne5 Bf4 25. Rh3 g6 26. Re1 Bxe5 27. Rxe5 Bd7 28.
Qg4 Bc6+ 29. Be4 Bxe4+ 30. Rxe4 Qxb2 31. Qh4 h5 32. gxh6 Rfd8 33. h7+ Kh8 34.
Qf6# {Black checkmated} 1-0

[Event "Team 45 45 League T52"]
[Site "Internet Chess Club"]
[Date "2012.03.17"]
[Round "5"]
[White "monkhammer"]
[Black "bhandelman"]
[Result "1-0"]
[WhiteElo "1399"]
[BlackElo "1176"]
[Opening "two knights defense: Fegatello attack"]
[ECO "C57"]
[Time "10:05:22"]
[TimeControl "2700+45"]

1. e4 e5 2. Nf3 Nc6 3. Bc4 Nf6 4. Ng5 d5 5. exd5 Nxd5 6. Nxf7 Kxf7 7. Qf3+ Ke6
8. Nc3 Nd4 9. Bxd5+ Ke7 10. Qe4 Bf5 11. Qxe5+ Be6 12. Qxd4 c6 13. Qh4+ Kf7 14.
Bxe6+ Kxe6 15. Qe4+ Kf7 16. O-O Bd6 17. Qf3+ Ke8 18. Re1+ Kd7 19. d4 Re8 20.
Qg4+ Kc7 21. Qxg7+ Kb6 22. Rxe8 Qxe8 23. Be3 Qh5 24. Qh6 Qf5 25. Qxd6 {Black
resigns} 1-0

[Event "Team 45 45 League T52"]
[Site "Internet Chess Club"]
[Date "2012.03.20"]
[Round "5"]
[White "Constrictor"]
[Black "pudge"]
[Result "1-0"]
[WhiteElo "1742"]
[BlackElo "1456"]
[Opening "QGD Slav: 4.Nc3"]
[ECO "D15"]
[Time "18:01:35"]
[TimeControl "2700+45"]

1. Nf3 Nf6 2. d4 d5 3. c4 c6 4. Nc3 Bg4 5. e3 e6 6. a3 Bd6 7. Be2 Bxf3 8. gxf3
Nbd7 9. b4 dxc4 10. Bxc4 Nb6 11. Bb3 Nfd5 12. Nxd5 cxd5 13. Qd3 Qc7 14. Bb2 Rc8
15. Rc1 Qd8 16. Ke2 O-O 17. Bc2 g6 18. h4 h5 19. Rcg1 Qf6 20. Rg5 Kh7 21. Rxh5+
Kg8 22. Rg5 Nc4 23. Bc1 Kh7 24. Rhg1 Rg8 25. h5 Kh6 26. hxg6 Ne5 27. dxe5 Bxe5
28. gxf7 Qxf7 29. Rg6+ Rxg6 30. Rxg6+ {Black resigns} 1-0

[Event "Team 45 45 League T52"]
[Site "Internet Chess Club"]
[Date "2012.03.16"]
[Round "5"]
[White "spongenotbob"]
[Black "edsvoboda"]
[Result "1-0"]
[WhiteElo "1702"]
[BlackElo "1427"]
[Opening "QGD Slav: 4.Nc3"]
[ECO "D15"]
[Time "18:57:26"]
[TimeControl "2700+45"]

1. d4 d5 2. c4 c6 3. Nc3 Nf6 4. Nf3 Bf5 5. Bg5 e6 6. e3 h6 7. Bh4 Be7 8. Be2 O-O
9. O-O Nbd7 10. Qd2 Ne4 11. Nxe4 Bxe4 12. Bg3 b6 13. Rac1 Rc8 14. Ne5 Nxe5 15.
Bxe5 Bf6 16. Bg3 Be7 17. f3 Bg6 18. cxd5 cxd5 19. Rxc8 Qxc8 20. Rc1 Qd8 21. Ba6
Bd6 22. Qf2 Qb8 23. Rc6 Bxg3 24. Qxg3 Qa8 25. Qc7 Bb1 26. a3 Ba2 27. Rd6 Bb3 28.
Rd7 Ba4 29. Re7 Bb3 30. Qxa7 Qxa7 31. Rxa7 Rb8 32. Rb7 Rxb7 33. Bxb7 b5 34. Kf2
Bc4 35. Ke1 Kf8 36. Kd2 Ke7 37. Kc3 Kd6 38. Kb4 Kc7 39. Ba8 f5 40. Kc5 g5 41.
Bc6 Bf1 42. g3 Be2 43. f4 g4 44. Bxb5 Bxb5 45. Kxb5 h5 46. Kc5 Kd7 47. b4 Kc7
48. b5 Kd7 49. b6 Kc8 50. Kc6 {Black resigns} 1-0

[Event "Team 45 45 League T52"]
[Site "Internet Chess Club"]
[Date "2012.03.18"]
[Round "5"]
[White "BosqueVerde"]
[Black "tworivers"]
[Result "0-1"]
[WhiteElo "1225"]
[BlackElo "1458"]
[Opening "King's Indian: Zinnowitz variation"]
[ECO "A53"]
[Time "19:00:23"]
[TimeControl "2700+45"]

1. d4 Nf6 2. c4 d6 3. Nc3 g6 4. Bg5 Bg7 5. Nf3 O-O 6. e4 c5 7. d5 Nbd7 8. Be2
Ng4 9. Qc2 Nge5 10. O-O Nxf3+ 11. Bxf3 Ne5 12. Be2 f5 13. Rab1 fxe4 14. Nxe4 Bf5
15. b4 Nd7 16. Bd3 Bxe4 17. Bxe4 Bf6 18. Bxg6 Bxg5 19. Bxh7+ Kh8 20. bxc5 Nxc5
21. Qg6 Bf6 22. f4 Qe8 23. Qc2 Qh5 24. Bg6 Qh4 25. Rf3 Kg7 26. Rg3 Rh8 27. Bh5+
Kf8 28. Rh3 Qxf4 29. Qg6 Bd4+ 30. Kh1 Ne4 31. Rf3 Nf2+ 32. Kg1 Ng4+ 33. Kf1
Nxh2+ 34. Ke2 Nxf3 35. Bxf3 Rg8 36. Qh5 Qe3+ 37. Kd1 Qd3+ 38. Ke1 Qxb1+ 39. Ke2
Qc2+ 40. Kf1 Qxc4+ 41. Ke1 Bc3+ 42. Kf2 Qxa2+ 43. Ke3 Qd2+ 44. Ke4 Qd4+ 45. Kf5
Qe5# {White checkmated} 0-1

[Event "Team 45 45 League T52"]
[Site "Internet Chess Club"]
[Date "2012.03.17"]
[Round "5"]
[White "mitus"]
[Black "zap2"]
[Result "1-0"]
[WhiteElo "1834"]
[BlackElo "1778"]
[Opening "Caro-Kann: Steinitz variation"]
[ECO "B17"]
[Time "16:09:24"]
[TimeControl "2700+45"]

1. e4 c6 2. d4 d5 3. Nc3 dxe4 4. Nxe4 Nd7 5. Nf3 Ngf6 6. Nxf6+ Nxf6 7. Bf4 Bf5
8. Bd3 e6 9. O-O Bg4 10. c3 Bd6 11. Be5 Qc7 12. Bxd6 Qxd6 13. h3 Bh5 14. Be2 Bg6
15. Ne5 Rd8 16. Bd3 Bxd3 17. Nxd3 O-O 18. Re1 b6 19. Ne5 Nd7 20. Nc4 Qd5 21. Qe2
b5 22. Ne3 Qg5 23. Ng4 e5 24. dxe5 Rde8 25. Rad1 Nxe5 26. Nxe5 f6 27. Qf3 fxe5
28. Qxc6 Qf4 29. Qc5 a6 30. Qe3 Qc4 31. b3 Qc6 32. Qe4 Qxc3 33. Qd5+ Kh8 34. Re2
h6 35. Rde1 Rf5 36. Qe4 Ref8 37. Rc2 Qd4 38. Qxd4 exd4 39. Rd1 Rd8 40. Rcd2 Rfd5
41. Kf1 Kg8 42. Ke2 Kf7 43. Kd3 Ke6 44. Rc2 Rf5 45. Rdd2 Kd5 46. b4 g5 47. Rc5+
Ke6 48. Re2+ Kf6 49. Rc6+ Kg7 50. Rxa6 Rdf8 51. f3 Rd5 52. Ree6 h5 53. Rg6+ Kf7
54. Rgf6+ Kg7 55. Rxf8 Kxf8 56. Re6 Kf7 57. Re4 Kf6 58. Rxd4 Ke5 59. Rxd5+ Kxd5
60. g3 Ke5 61. a3 h4 62. gxh4 gxh4 63. Ke3 Kd5 64. f4 Ke6 65. Ke4 Kf6 66. f5 Kf7
67. Ke5 Ke7 68. Kd5 Kf6 69. Kc5 Kxf5 70. Kxb5 Kf4 71. Kc5 Kg3 72. b5 Kxh3 73. b6
Kg3 74. b7 h3 75. b8=Q+ Kg2 76. a4 h2 77. Qxh2+ Kxh2 78. a5 {Black resigns} 1-0

[Event "Team 45 45 League T52"]
[Site "Internet Chess Club"]
[Date "2012.03.20"]
[Round "5"]
[White "Nathan-L"]
[Black "ElMarginal"]
[Result "1-0"]
[WhiteElo "1642"]
[BlackElo "1458"]
[Opening "QGD: Marshall defense"]
[ECO "D06"]
[Time "18:03:48"]
[TimeControl "2700+45"]

1. d4 d5 2. c4 Nf6 3. Nc3 c6 4. Bg5 h6 5. Bh4 Bf5 6. e3 Nbd7 7. cxd5 cxd5 8. Bb5
a6 9. Bxd7+ Qxd7 10. Nf3 Bg4 11. h3 Bh5 12. Ne5 Bxd1 13. Nxd7 Nxd7 14. Nxd5 Rc8
15. Kxd1 e6 16. Nc3 Bb4 17. Rc1 O-O 18. Ke2 Nb6 19. Bg3 Rc6 20. a3 Be7 21. Na2
Rfc8 22. Rxc6 Rxc6 23. Rc1 Rc8 24. Rxc8+ Nxc8 25. Bc7 Kf8 26. Kd3 Ke8 27. Nc3
Kd7 28. Bb8 b5 29. b4 Nb6 30. Ba7 Nc4 31. Nb1 Kc6 32. Bc5 Bf6 33. e4 g6 34. e5
Bg5 35. Kc3 Kd5 36. f3 Bf4 37. Kb3 Ne3 38. Nc3+ Kc6 39. g4 h5 40. Ne4 hxg4 41.
hxg4 Nc4 42. Nd6 Nd2+ 43. Kc2 Nxf3 44. Nxf7 Nh2 45. Nh8 g5 46. Ng6 Nxg4 47. Ne7+
Kd7 48. Kd3 Bc1 49. Ng6 Bxa3 50. Nf8+ Kc6 51. Nxe6 Bc1 52. Be7 Nf2+ 53. Kc2 g4
54. Kxc1 g3 55. Ng5 g2 56. Nf3 Nh3 57. Bc5 Ng5 58. Ng1 Kd5 59. Kd2 Ne4+ 60. Ke3
Nc3 61. Kf3 Ne4 62. Kxg2 Nxc5 63. dxc5 Kxe5 64. Ne2 Kd5 65. Nc1 a5 66. bxa5 Kxc5
67. Nb3+ Kc6 68. Kf3 b4 69. Ke4 Kb5 70. Kd4 Ka6 71. Kc5 Kb7 72. Kxb4 Ka6 73.
Nc5+ Ka7 74. Kb5 Ka8 75. Ka6 Kb8 76. Kb6 Ka8 77. a6 Kb8 78. Ne6 Ka8 79. Nc7+ Kb8
80. a7+ {Black resigns} 1-0

[Event "Team 45 45 League T52"]
[Site "Internet Chess Club"]
[Date "2012.03.18"]
[Round "5"]
[White "Conjurer"]
[Black "PostMike"]
[Result "0-1"]
[WhiteElo "1438"]
[BlackElo "1461"]
[Opening "English: symmetrical variation"]
[ECO "A38"]
[Time "15:02:35"]
[TimeControl "2700+45"]

1. c4 c5 2. Nc3 g6 3. g3 Bg7 4. Bg2 Nc6 5. Nf3 Nf6 6. O-O d6 7. h3 O-O 8. Rb1
Rb8 9. a3 Bd7 10. b4 cxb4 11. axb4 a6 12. Nd5 Nxd5 13. cxd5 Nd4 14. Nxd4 Bxd4
15. Bb2 Qb6 16. e3 Bxb2 17. Rxb2 Bb5 18. Re1 Rbc8 19. Qb3 Bc4 20. Qd1 Qb5 21. e4
Bd3 22. Bf1 Bxf1 23. Rxf1 Rc4 24. Qb1 Rfc8 25. d3 Rc3 26. Rd1 Ra3 27. Rbd2 Rcc3
28. Kg2 Kg7 29. Qb2 Rb3 30. Qa1 Qxb4 31. Rc1 f6 32. Rxc3 Rxc3 33. Rb2 Rb3 34.
Rxb3 Qxb3 35. Qd4 Qc2 36. Qc4 Qxc4 37. dxc4 Kf8 38. Kf1 Ke8 39. Ke2 Kd8 40. Kd2
Kc7 41. Kc3 Kb6 42. Kb4 a5+ 43. Ka4 Kc5 44. Kb3 a4+ 45. Kxa4 Kxc4 46. Ka5 b5
{White resigns} 0-1

[Event "Team 45 45 League T52"]
[Site "Internet Chess Club"]
[Date "2012.03.17"]
[Round "5"]
[White "badmove"]
[Black "beitmery"]
[Result "1/2-1/2"]
[WhiteElo "1618"]
[BlackElo "1708"]
[Opening "Benkö gambit"]
[ECO "A57"]
[Time "12:03:38"]
[TimeControl "2700+45"]

1. d4 Nf6 2. c4 c5 3. d5 b5 4. Nf3 d6 5. Nfd2 bxc4 6. e4 g6 7. Nc3 Bg7 8. Bxc4
Ng4 9. Be2 Ne5 10. f4 Ned7 11. Nc4 Ba6 12. Ne3 Bxe2 13. Qxe2 Qb6 14. O-O O-O 15.
Nc4 Qc7 16. Ne3 Nb6 17. Bd2 N8d7 18. Rac1 Rfb8 19. b3 a5 20. Nb5 Qb7 21. a4 Nc8
22. Nc4 Na7 23. Nxa5 Qb6 24. Nc6 Nxc6 25. dxc6 Qxc6 26. Bc3 Nf6 27. Rfe1 Re8
{Game drawn by mutual agreement} 1/2-1/2

[Event "Team 45 45 League T52"]
[Site "Internet Chess Club"]
[Date "2012.03.22"]
[Round "5"]
[White "moomaster"]
[Black "ILRE"]
[Result "1/2-1/2"]
[WhiteElo "1642"]
[BlackElo "1722"]
[Opening "Queen's gambit declined"]
[ECO "D30"]
[Time "19:07:38"]
[TimeControl "2700+45"]

1. d4 e6 2. c4 d5 3. Nf3 dxc4 4. Qa4+ Bd7 5. Qxc4 Nf6 6. Nc3 Bc6 7. Ne5 Be7 8.
e3 O-O 9. Nxc6 Nxc6 10. g3 Nb4 11. Qb3 Rb8 12. a3 Nbd5 13. Bg2 c6 14. O-O Bd6
15. e4 Nxc3 16. bxc3 e5 17. Bg5 h6 18. Bxf6 Qxf6 19. f4 exd4 20. e5 Bxe5 21.
fxe5 Qxe5 22. Rae1 Qc5 23. cxd4 Qxd4+ 24. Kh1 Qd7 25. Rd1 Qc7 26. Rfe1 Rbd8 27.
Rc1 Rfe8 28. Rf1 Re7 29. Rce1 Rxe1 30. Rxe1 Qd7 31. Bf3 Kf8 32. Qb4+ Kg8 33. Qe7
Qxe7 34. Rxe7 Rb8 35. Kg2 Kf8 36. Rc7 a5 37. Kf2 b5 38. Bxc6 b4 39. axb4 axb4
40. Bb7 b3 41. Rc8+ Rxc8 42. Bxc8 b2 43. Bf5 Ke7 44. Ke2 g6 45. Bb1 f5 46. Kd2
Kf6 47. Kc3 Ke5 48. Kxb2 g5 49. Kc3 f4 50. g4 f3 51. Kd2 Kf4 52. Bf5 h5 53. gxh5
Kxf5 54. h3 f2 55. Ke2 f1=Q+ 56. Kxf1 Kf6 57. Kf2 Kg7 58. Kg3 Kh6 59. Kg4 Kh7
60. Kxg5 Kg7 61. h6+ Kh7 62. h4 Kh8 63. Kg6 Kg8 64. h5 Kh8 65. h7 {Black
stalemated} 1/2-1/2

[Event "Team 45 45 League T52"]
[Site "Internet Chess Club"]
[Date "2012.03.15"]
[Round "5"]
[White "BrandonBee"]
[Black "Bryant-L"]
[Result "0-1"]
[WhiteElo "1562"]
[BlackElo "1410"]
[Opening "Sicilian: Nimzovich-Rossolimo attack (without ...d6)"]
[ECO "B30"]
[Time "12:00:28"]
[TimeControl "2700+45"]

1. e4 c5 2. Nf3 Nc6 3. Bb5 e6 4. O-O Be7 5. Bxc6 bxc6 6. c4 d5 7. exd5 cxd5 8.
d3 Nf6 9. Nbd2 d4 10. Ne5 Bd6 11. Ndf3 Bb7 12. Qa4+ Ke7 13. Nc6+ Bxc6 14. Qxc6
Qd7 15. Qxd7+ Kxd7 16. Re1 Rab8 17. b3 Bc7 18. Ne5+ Bxe5 19. Rxe5 Kd6 20. Bf4
Rbc8 21. Rg5+ Ke7 22. Rxg7 Nh5 23. Rg4 Ra8 24. Re1 Nxf4 25. Rxf4 f6 26. Rfe4 e5
27. f4 Rae8 28. fxe5 f5 29. Rf4 Ke6 30. Rh4 Reg8 31. Rh6+ Rg6 32. Rxg6+ hxg6 33.
h3 Rh5 34. Kf2 g5 35. Kf3 a5 36. Re2 Rh7 37. Kg3 Rh8 38. Kf2 Rh7 39. Kg1 Ra7 40.
g4 f4 41. Kg2 Rf7 42. Kf3 Rh7 43. Kg2 Rf7 44. Re4 Rf8 45. Re1 Ra8 46. Kf3 Rh8
47. Rh1 Kxe5 48. Re1+ Kf6 49. Kg2 f3+ 50. Kg3 f2 51. Rf1 Re8 52. Rxf2+ Kg6 53.
h4 Re3+ 54. Rf3 gxh4+ {White resigns} 0-1

[Event "Team 45 45 League T52"]
[Site "Internet Chess Club"]
[Date "2012.03.19"]
[Round "5"]
[White "eagle"]
[Black "Helaman"]
[Result "1/2-1/2"]
[WhiteElo "1508"]
[BlackElo "1554"]
[Opening "Scotch game"]
[ECO "C45"]
[Time "21:34:14"]
[TimeControl "2700+45"]

1. e4 e5 2. Nf3 Nc6 3. d4 exd4 4. Nxd4 Bc5 5. Be3 Qf6 6. Nxc6 Qxc6 7. Bxc5 Qxc5
8. Nc3 Nf6 9. Be2 O-O 10. O-O d6 11. Qd2 Bd7 12. Rad1 Rfe8 13. Bf3 Bc6 14. Rfe1
Re5 15. Nd5 Bxd5 16. exd5 Rae8 17. Rxe5 Rxe5 18. h3 Qb5 19. c3 Qe8 20. Qd4 Re1+
21. Rxe1 Qxe1+ 22. Kh2 Qe5+ 23. Qxe5 dxe5 24. c4 Nd7 25. b4 f5 26. c5 Kf7 27.
Be2 Ke7 28. Bb5 Nf6 29. Bc4 Kd7 30. a4 Ke7 31. b5 Kd7 32. c6+ bxc6 33. dxc6+ Kd6
34. a5 Kc5 35. Bd3 g6 36. Kg1 Nd5 37. g4 fxg4 38. hxg4 Nc3 39. b6 Kxc6 40. bxa7
Kb7 41. a8=Q+ Kxa8 42. Kf1 g5 43. Bxh7 Nd5 44. Ke2 Ka7 45. Kd3 Nf6 46. Bf5 Ka6
47. Kc4 Kxa5 48. Kc5 {Game drawn by mutual agreement} 1/2-1/2

[Event "Team 45 45 League T52"]
[Site "Internet Chess Club"]
[Date "2012.03.20"]
[Round "5"]
[White "Troparion"]
[Black "pishd"]
[Result "1-0"]
[WhiteElo "1858"]
[BlackElo "1664"]
[Opening "Caro-Kann: exchange variation"]
[ECO "B13"]
[Time "11:37:04"]
[TimeControl "2700+45"]

1. e4 c6 2. d4 d5 3. exd5 cxd5 4. Bd3 Nc6 5. c3 Qc7 6. Ne2 Bg4 7. Qb3 Bxe2 8.
Bxe2 e6 9. Bg5 Be7 10. Bxe7 Ngxe7 11. Nd2 a6 12. Nf3 O-O 13. O-O b5 14. Rfe1 Na5
15. Qc2 b4 16. Bd3 g6 17. Qd2 Kg7 18. Rac1 bxc3 19. Rxc3 Qb6 20. Rec1 Rfc8 21.
Rc5 Nb7 22. R5c2 Nd6 23. Qf4 Nb5 24. a4 Rxc2 25. Rxc2 Nd6 26. a5 Qd8 27. Ng5
Nec8 28. Qe5+ Kg8 29. h4 Ne7 30. h5 Ndf5 31. Nxe6 fxe6 32. Qxe6+ Kf8 33. hxg6
hxg6 34. g4 Ng7 35. Qf6+ Kg8 36. Re2 Ra7 37. Bxg6 Qf8 38. Bh7+ {Black resigns}
1-0

[Event "Team 45 45 League T52"]
[Site "Internet Chess Club"]
[Date "2012.03.18"]
[Round "5"]
[White "timothysmall56"]
[Black "misuc56"]
[Result "0-1"]
[WhiteElo "1544"]
[BlackElo "1829"]
[Opening "Sicilian: Nimzovich-Rossolimo attack (without ...d6)"]
[ECO "B30"]
[Time "16:00:05"]
[TimeControl "2700+45"]

1. e4 c5 2. Nf3 Nc6 3. Bb5 d6 4. O-O g6 5. d4 cxd4 6. Nxd4 Bd7 7. Nxc6 bxc6 8.
Bc4 Bg7 9. Re1 Rb8 10. Qf3 e6 11. Nc3 Nf6 12. Qd3 Qc7 13. Rd1 Bf8 14. Bg5 Ng4
15. Qg3 Ne5 16. Bb3 c5 17. Bf6 Rg8 18. f4 Nc6 19. Rd2 Bg7 20. Bxg7 Rxg7 21. Ne2
Rd8 22. Rad1 Bc8 23. Ba4 Kf8 24. Bxc6 Qxc6 25. Qc3 Qb6 26. e5 d5 27. Qa3 Rg8 28.
c4 Bb7 29. cxd5 exd5 30. Nc3 Kg7 31. Na4 Qa5 32. Nxc5 Qxa3 33. bxa3 Bc6 34. Na6
Rd7 35. Rd4 Rgd8 36. Nc5 Re7 37. Rb1 h6 38. Kf2 Rc8 39. Rc1 Rec7 40. Nd3 Bb7 41.
Rxc7 Rxc7 42. Nb4 Rc5 43. Ke3 a5 44. Nd3 Rc3 45. Ra4 Ba6 46. Rd4 Rxa3 47. Rxd5
Rxa2 48. Nc5 Bc4 49. Rd4 Rc2 50. Rd2 Rc1 51. g3 Bb5 52. Kd4 Rc4+ 53. Kd5 Rb4 54.
Nd3 Rb1 55. Nb2 a4 56. Kc5 a3 57. Nd1 Ba6 58. Nc3 Rb3 59. Na2 Rb2 60. Rxb2 axb2
61. Nc3 Bd3 62. Kd6 b1=Q 63. Nxb1 Bxb1 64. h4 Bf5 65. Kd5 Kf8 66. Kd4 Ke7 67.
Ke3 h5 68. Kd4 Kd7 69. Kd5 Kc7 70. Kc5 Be6 71. Kd4 Kc6 72. Ke3 Kc5 73. Kd3 Bf5+
74. Ke3 Kc4 75. Kf2 Kd3 76. Kf3 Bg4+ 77. Kf2 Kd2 {White resigns} 0-1

[Event "Team 45 45 League T52"]
[Site "Internet Chess Club"]
[Date "2012.03.18"]
[Round "5"]
[White "rubo"]
[Black "Dracoac"]
[Result "1-0"]
[WhiteElo "1691"]
[BlackElo "1802"]
[Opening "Bird's opening"]
[ECO "A02"]
[Time "21:11:36"]
[TimeControl "2700+45"]

1. f4 Nf6 2. Nf3 e6 3. e3 c5 4. b3 Nc6 5. Bb2 Be7 6. Bd3 d5 7. O-O O-O 8. Nc3 b6
9. a3 Bb7 10. Ne2 Qc7 11. Ng3 Rfd8 12. Ne5 d4 13. Ng4 e5 14. Nxe5 Nxe5 15. fxe5
Qxe5 16. exd4 cxd4 17. Rf5 Qd6 18. Nh5 g6 19. Nxf6+ Bxf6 20. Rf2 Bh4 21. Re2 Re8
22. Qf1 Rxe2 23. Qxe2 Bf6 24. Re1 Qc6 25. a4 Kg7 26. Be4 Qc7 27. Bxb7 Qxb7 28.
Qd3 Rd8 29. Re4 Qd5 30. Kf2 Qf5+ 31. Qf3 Qc5 32. Qd3 Qd6 33. g3 Qd5 34. Qf3 Rd6
35. Rf4 Be5 36. Qxd5 Rxd5 37. Re4 f5 38. Rxe5 Rxe5 39. Bxd4 Kf6 40. b4 Ke6 41.
Bxe5 Kxe5 42. Ke3 Kd5 43. d3 g5 44. c4+ Ke5 45. d4+ Kd6 46. h4 h6 47. hxg5 hxg5
48. b5 Kc7 49. c5 bxc5 50. dxc5 Kd7 51. a5 Kc7 52. a6 Kb8 53. Kd4 Kc7 54. Ke5 f4
55. gxf4 gxf4 56. Kxf4 Kc8 57. Ke5 Kc7 58. Ke6 Kc8 59. Kd6 Kb8 60. Kd7 Ka8 61.
c6 Kb8 62. c7+ Ka8 63. c8=Q# {Black checkmated} 1-0

[Event "Team 45 45 League T52"]
[Site "Internet Chess Club"]
[Date "2012.03.16"]
[Round "5"]
[White "viking99"]
[Black "minke"]
[Result "1/2-1/2"]
[WhiteElo "1855"]
[BlackElo "1884"]
[Opening "Pirc defense"]
[ECO "B07"]
[Time "00:00:35"]
[TimeControl "2700+45"]

1. e4 d6 2. d4 Nf6 3. Bd3 g6 4. Nf3 Bg7 5. O-O O-O 6. Bg5 Bg4 7. Nbd2 Nc6 8. c3
e5 9. h3 Bxf3 10. Nxf3 Qe8 11. Qc2 Nd7 12. Bb5 h6 13. Bxc6 bxc6 14. Be3 f5 15.
dxe5 f4 16. Bd2 Nxe5 17. Nxe5 Qxe5 18. f3 Rab8 19. Rab1 g5 20. Qa4 Qc5+ 21. Kh1
Rb5 22. c4 Rxb2 23. Rxb2 Bxb2 24. Rb1 Bg7 25. Rb7 Qf2 26. Ba5 g4 27. Qd1 Bd4 28.
Bxc7 Bc5 29. Ba5 Qxa2 30. Bc3 Rf7 31. Rb8+ Rf8 32. Rb7 Rf7 33. Rb8+ Rf8 {Game
drawn by mutual agreement} 1/2-1/2

[Event "Team 45 45 League T52"]
[Site "Internet Chess Club"]
[Date "2012.03.18"]
[Round "5"]
[White "Tamarin"]
[Black "sounix"]
[Result "0-1"]
[WhiteElo "1884"]
[BlackElo "1890"]
[Opening "Trompowsky attack (Ruth, Opocenský opening)"]
[ECO "A45"]
[Time "01:29:12"]
[TimeControl "2700+45"]

1. d4 Nf6 2. Bg5 e6 3. e4 h6 4. Bxf6 Qxf6 5. Nc3 Bb4 6. Qd3 O-O 7. Nf3 d5 8. e5
Qe7 9. Be2 c5 10. O-O Nc6 11. dxc5 Bxc5 12. Rfe1 Qc7 13. Bd1 a6 14. Na4 Ba7 15.
b3 b5 16. Nb2 Bb7 17. c3 Rac8 18. Bc2 g6 19. Nd1 Nb4 20. Qd2 Nxc2 21. Qxc2 Kg7
22. Rc1 b4 23. Qd2 bxc3 24. Nxc3 Qa5 25. h3 Rc7 26. Rc2 Rfc8 27. Rec1 d4 28.
Nxd4 Qxe5 29. Nde2 Bb6 30. Qd3 Ba5 31. a3 Bb6 32. Na4 Rxc2 33. Rxc2 Rd8 34. Qg3
Qf5 35. Qc3+ Kh7 36. Nxb6 Rd1+ 37. Kh2 Qxf2 38. Qg3 Qxb6 39. Rc7 Rf1 40. Re7 Bd5
41. Qc7 Qxc7+ 42. Rxc7 Kg7 43. b4 Rf2 44. Nc3 Rxg2+ 45. Kh1 Bf3 46. a4 Rb2+ 47.
Kg1 Rxb4 48. Ra7 Rc4 49. Na2 Rxa4 50. Nc3 Rc4 51. Na2 Ra4 52. Nc3 Ra1+ 53. Kf2
Bd5 54. Nb5 a5 55. Nd6 e5 {White resigns} 0-1

[Event "Team 45 45 League T52"]
[Site "Internet Chess Club"]
[Date "2012.03.20"]
[Round "5"]
[White "Innes"]
[Black "Schack"]
[Result "1-0"]
[WhiteElo "1754"]
[BlackElo "1665"]
[Opening "Danish gambit"]
[ECO "C21"]
[Time "15:00:13"]
[TimeControl "2700+45"]

1. e4 e5 2. d4 exd4 3. c3 Qe7 4. Bd3 d5 5. cxd4 dxe4 6. Be2 Nc6 7. Nc3 Bf5 8.
Be3 O-O-O 9. d5 Qb4 10. Qc2 Ne5 11. a3 Qa5 12. Rc1 Nd3+ 13. Bxd3 exd3 14. Qd2
Nf6 15. Nf3 Nxd5 16. O-O Nxe3 17. fxe3 Bd6 18. e4 Bg6 19. b4 Qh5 20. Qf2 b6 21.
g3 Rhe8 22. Nd2 Be5 23. Qg2 Bd4+ 24. Kh1 Bxc3 25. Rxc3 Qe2 26. Rfc1 Qxg2+ 27.
Kxg2 Rd7 28. Kf3 f5 29. exf5 Bxf5 30. Kf4 Bg6 31. a4 Rd4+ 32. Kf3 Re7 33. a5
Rxb4 34. axb6 axb6 35. h3 c5 36. g4 Kb7 37. Ra3 Rb2 38. Nc4 d2 39. Rca1 Rf7+ 40.
Ke3 Re7+ 41. Kf3 Rf7+ 42. Ke3 Kc6 43. Nxb2 {Black resigns} 1-0